IL
GWINNETT BRAVES @ SYRACUSE CHIEFS
05/07/2048
 
TOP OF THE 1ST
Gwinnett Braves batting - Pitching for Syracuse Chiefs : LHP Harry Osborne
Pitching: LHP Harry Osborne
Batting: RHB Edgar Castillo 0-0: SINGLE (Groundball, 4D, EV 103.8 MPH)
Batting: RHB Alex Munoz 0-0: Ball
1-0: Swinging Strike
1-1: SINGLE (Line Drive, 89S, EV 95.0 MPH)
Edgar Castillo to second
Batting: SHB Brian Bagley 0-0: Grounds into double play, 6-4-3 (Groundball, 6, EV 103.1 MPH)
Edgar Castillo to third
Batting: RHB Ivan Ramirez 0-0: Called Strike
0-1: Ball
1-1: Ball
2-1: Fly out, F8 (Line Drive, 8LM, EV 95.6 MPH)
Top of the 1st over - 0 runs, 2 hits, 0 errors, 1 left on base; Gwinnett 0 - Syracuse 0
BOTTOM OF THE 1ST
Syracuse Chiefs batting - Pitching for Gwinnett Braves : LHP Eduardo Baez
Pitching: LHP Eduardo Baez
Batting: RHB Nate Dickinson 0-0: Bunt missed!
0-1: TRIPLE (Flyball, 9D, EV 99.4 MPH)
Batting: RHB Dusty Ballard 0-0: Ball
1-0: Fly out, F8 (Flyball, 8LXD, EV 91.9 MPH)
Runner from 3rd tags up, SCORES, no throw by CF
Batting: LHB Alexis Cantu 0-0: Ball
1-0: SINGLE (Groundball, 6MD, EV 109.4 MPH)
Batting: RHB Gabe Almazan 0-0: Ball
1-0: Called Strike
1-1: Grounds into double play, 5-4-3 (Groundball, 5, EV 101.2 MPH)
Bottom of the 1st over - 1 run, 2 hits, 0 errors, 0 left on base; Gwinnett 0 - Syracuse 1
TOP OF THE 2ND
Gwinnett Braves batting - Pitching for Syracuse Chiefs : LHP Harry Osborne
Batting: SHB Bob Morales 0-0: Ball
1-0: Ball
2-0: DOUBLE (Flyball, 8LXD, EV 106.9 MPH)
Batting: RHB Mike Meeker 0-0: Ball
1-0: Ball
2-0: SINGLE (Groundball, 6MD, EV 99.4 MPH)
Bob Morales to third
Batting: RHB John Peterson 0-0: Called Strike
0-1: Called Strike
Mike Meeker steals 2nd base
0-2: Ball
1-2: Strikes out swinging
Batting: RHB Riley Nasiir 0-0: Ball
1-0: Ground out 6-3 (Groundball, 6, EV 104.4 MPH)
Bob Morales scores
Batting: LHB Fred Arends 0-0: Called Strike
0-1: Ball
1-1: Foul Ball, location: 2F
1-2: Hit by Pitch
Batting: RHB Edgar Castillo 0-0: Swinging Strike
0-1: Ground out 3-1 (Groundball, 34, EV 85.6 MPH)
Top of the 2nd over - 1 run, 2 hits, 0 errors, 2 left on base; Gwinnett 1 - Syracuse 1
BOTTOM OF THE 2ND
Syracuse Chiefs batting - Pitching for Gwinnett Braves : LHP Eduardo Baez
Batting: RHB Rafael Medina 0-0: Ball
1-0: Called Strike
1-1: Swinging Strike
1-2: Foul Ball, location: 2F
1-2: Foul Ball, location: 2F
1-2: Fly out, F7 (Line Drive, 7, EV 91.2 MPH)
Batting: LHB Dillon Gonzalez 0-0: Ball
1-0: Called Strike
1-1: Ball
2-1: Foul Ball, location: 2F
2-2: Foul Ball, location: 2F
2-2: Ball
3-2: Foul Ball, location: 2F
3-2: Strikes out swinging
Batting: RHB Mike Buchanan 0-0: Called Strike
0-1: Ground out 4-3 (Groundball, 4, EV 110.0 MPH)
Bottom of the 2nd over - 0 runs, 0 hits, 0 errors, 0 left on base; Gwinnett 1 - Syracuse 1
TOP OF THE 3RD
Gwinnett Braves batting - Pitching for Syracuse Chiefs : LHP Harry Osborne
Batting: RHB Alex Munoz 0-0: Ball
1-0: Swinging Strike
1-1: Ball
2-1: Called Strike
2-2: Ball
3-2: Strikes out swinging
Batting: SHB Brian Bagley 0-0: Called Strike
0-1: Ball
1-1: Fly out, F9 (Flyball, 9S, EV 97.5 MPH)
Batting: RHB Ivan Ramirez 0-0: Called Strike
0-1: Ball
1-1: Ball
2-1: Ball
3-1: Called Strike
3-2: Base on Balls
Batting: SHB Bob Morales 0-0: Ball
1-0: Ball
2-0: Ball
3-0: Called Strike
3-1: Swinging Strike
3-2: Ground out 5-3 (Groundball, 5S, EV 73.8 MPH)
Top of the 3rd over - 0 runs, 0 hits, 0 errors, 1 left on base; Gwinnett 1 - Syracuse 1
BOTTOM OF THE 3RD
Syracuse Chiefs batting - Pitching for Gwinnett Braves : LHP Eduardo Baez
Batting: RHB Jon Buscher 0-0: Foul Ball, location: 2F
0-1: Foul Ball, location: 2F
0-2: Strikes out looking
Batting: LHB Kyung-jin Cho 0-0: Ball
1-0: Foul Ball, location: 2F
1-1: DOUBLE (Flyball, 8LXD, EV 89.4 MPH)
Batting: RHB Nate Dickinson 0-0: Foul Ball, location: 2F
0-1: Foul Ball, location: 2F
0-2: Ball
1-2: Ball
2-2: Strikes out looking
Batting: RHB Dusty Ballard 0-0: Ball
1-0: Called Strike
1-1: Ball
2-1: Ball
3-1: Base on Balls
Batting: LHB Alexis Cantu 0-0: Foul Ball, location: 2F
0-1: Swinging Strike
0-2: Fly out, F5 (Line Drive, 5L, EV 66.2 MPH)
Bottom of the 3rd over - 0 runs, 1 hit, 0 errors, 2 left on base; Gwinnett 1 - Syracuse 1
TOP OF THE 4TH
Gwinnett Braves batting - Pitching for Syracuse Chiefs : LHP Harry Osborne
Batting: RHB Mike Meeker 0-0: Called Strike
0-1: Ground out 6-3 (Groundball, 6, EV 89.4 MPH)
Batting: RHB John Peterson 0-0: Called Strike
0-1: Called Strike
0-2: Strikes out swinging
Batting: RHB Riley Nasiir 0-0: Ball
1-0: Called Strike
1-1: Called Strike
1-2: Strikes out swinging
Top of the 4th over - 0 runs, 0 hits, 0 errors, 0 left on base; Gwinnett 1 - Syracuse 1
BOTTOM OF THE 4TH
Syracuse Chiefs batting - Pitching for Gwinnett Braves : LHP Eduardo Baez
Batting: RHB Gabe Almazan 0-0: Foul Ball, location: 2F
0-1: SINGLE (Groundball, 5S, EV 63.8 MPH) (infield hit)
Batting: RHB Rafael Medina 0-0: Ball
1-0: Called Strike
1-1: Ball
2-1: Foul Ball, location: 2F
2-2: Ball
3-2: Foul Ball, location: 2F
3-2: Fielders Choice at 2nd, 1-6 (Groundball, 34S, EV 70.0 MPH)
Batting: LHB Dillon Gonzalez 0-0: Foul Ball, location: 2F
0-1: Swinging Strike
0-2: Ball
1-2: Strikes out swinging
Batting: RHB Mike Buchanan 0-0: Ball
1-0: Ball
2-0: Fielders Choice at 2nd, 6-4 (Groundball, 6, EV 105.0 MPH)
Bottom of the 4th over - 0 runs, 1 hit, 0 errors, 1 left on base; Gwinnett 1 - Syracuse 1
TOP OF THE 5TH
Gwinnett Braves batting - Pitching for Syracuse Chiefs : LHP Harry Osborne
Batting: LHB Fred Arends 0-0: Foul Ball, location: 2F
0-1: Foul Ball, location: 2F
0-2: Ground out 4-3 (Groundball, 34D, EV 104.4 MPH)
Batting: RHB Edgar Castillo 0-0: Swinging Strike
0-1: Ball
1-1: Ball
2-1: Foul Ball, location: 2F
2-2: Foul Ball, location: 2F
2-2: Strikes out swinging
Batting: RHB Alex Munoz 0-0: Called Strike
0-1: Ball
1-1: Foul Ball, location: 2F
1-2: Foul Ball, location: 2F
1-2: Foul Ball, location: 2F
1-2: Ground out 5-3 (Groundball, 56, EV 83.8 MPH)
Top of the 5th over - 0 runs, 0 hits, 0 errors, 0 left on base; Gwinnett 1 - Syracuse 1
BOTTOM OF THE 5TH
Syracuse Chiefs batting - Pitching for Gwinnett Braves : LHP Eduardo Baez
Batting: RHB Jon Buscher 0-0: Ground out 5-3 (Groundball, 5L, EV 86.9 MPH)
Batting: LHB Kyung-jin Cho 0-0: Called Strike
0-1: Ground out 4-3 (Groundball, 4, EV 89.4 MPH)
Batting: RHB Nate Dickinson 0-0: Foul Ball, location: 2F
0-1: Swinging Strike
0-2: Ball
1-2: Strikes out swinging
Bottom of the 5th over - 0 runs, 0 hits, 0 errors, 0 left on base; Gwinnett 1 - Syracuse 1
TOP OF THE 6TH
Gwinnett Braves batting - Pitching for Syracuse Chiefs : LHP Harry Osborne
Batting: SHB Brian Bagley 0-0: Swinging Strike
0-1: Ball
1-1: Swinging Strike
1-2: Ball
2-2: Strikes out swinging
Batting: RHB Ivan Ramirez 0-0: Called Strike
0-1: Ball
1-1: Swinging Strike
1-2: Foul Ball, location: 2F
1-2: Foul Ball, location: 2F
1-2: Strikes out swinging
Batting: SHB Bob Morales 0-0: SINGLE (Groundball, 56D, EV 103.1 MPH)
Batting: RHB Mike Meeker 0-0: Fly out, F8 (Flyball, 78M, EV 81.2 MPH)
Top of the 6th over - 0 runs, 1 hit, 0 errors, 1 left on base; Gwinnett 1 - Syracuse 1
BOTTOM OF THE 6TH
Syracuse Chiefs batting - Pitching for Gwinnett Braves : LHP Eduardo Baez
Batting: RHB Dusty Ballard 0-0: Ball
1-0: Foul Ball, location: 2F
1-1: Ball
2-1: Ball
3-1: Base on Balls
Batting: LHB Alexis Cantu 0-0: Called Strike
0-1: Foul Ball, location: 2F
0-2: Ball
1-2: Ball
2-2: Ball
3-2: Strikes out swinging
Dusty Ballard is caught stealing 2nd base 2-6
Batter strikes out.
Batting: RHB Gabe Almazan 0-0: Ball
1-0: SINGLE (Line Drive, 4D, EV 100.0 MPH)
Batting: RHB Rafael Medina 0-0: Foul Ball, location: 2F
0-1: Ball
1-1: Swinging Strike
1-2: Strikes out swinging
Bottom of the 6th over - 0 runs, 1 hit, 0 errors, 1 left on base; Gwinnett 1 - Syracuse 1
TOP OF THE 7TH
Gwinnett Braves batting - Pitching for Syracuse Chiefs : LHP Harry Osborne
Batting: RHB John Peterson 0-0: Ball
1-0: Ball
2-0: SINGLE (Groundball, 6MD, EV 96.9 MPH)
Batting: RHB Riley Nasiir 0-0: Bunted foul
0-1: Ball
1-1: Sac Bunt to 13S - play at first, batter OUT! 1-3
John Peterson to second
Batting: LHB Fred Arends 0-0: Ball
1-0: Ground out 4-3 (Groundball, 4, EV 109.4 MPH)
John Peterson to third
Pitching: LHP Mike Alcaraz
Batting: RHB Edgar Castillo 0-0: Ball
1-0: Foul Ball, location: 2F
1-1: Foul Ball, location: 2F
1-2: Ball
2-2: Reached on error, E1 (Groundball, 25, EV 63.8 MPH)
John Peterson scores
Batting: RHB Alex Munoz 0-0: Ball
1-0: Ball
2-0: Foul Ball, location: 2F
2-1: Foul Ball, location: 2F
2-2: Ball
3-2: Foul Ball, location: 2F
3-2: Base on Balls
Batting: SHB Brian Bagley 0-0: Ball
1-0: Called Strike
1-1: Swinging Strike
1-2: Ball
2-2: Ball
3-2: Strikes out swinging
Top of the 7th over - 1 run, 1 hit, 1 error, 2 left on base; Gwinnett 2 - Syracuse 1
BOTTOM OF THE 7TH
Syracuse Chiefs batting - Pitching for Gwinnett Braves : LHP Eduardo Baez
Batting: LHB Dillon Gonzalez 0-0: Called Strike
0-1: Swinging Strike
0-2: Ground out 6-3 (Groundball, 6M, EV 105.6 MPH)
Batting: RHB Mike Buchanan 0-0: Ball
1-0: Ball
2-0: Called Strike
2-1: DOUBLE (Line Drive, 89XD, EV 109.4 MPH)
Batting: RHB Jon Buscher 0-0: Foul Ball, location: 2F
0-1: Ball
1-1: Ball
2-1: Ball
3-1: Called Strike
3-2: Foul Ball, location: 2F
3-2: Base on Balls
Pinch Hitting: RHB Jim Miske 0-0: Called Strike
0-1: Ball
1-1: Foul Ball, location: 2F
1-2: SINGLE (Groundball, 34, EV 115.6 MPH)
Mike Buchanan to third
Jon Buscher to second
Pitching: LHP Justin Sullins
Batting: RHB Nate Dickinson 0-0: Foul Ball, location: 2F
0-1: Called Strike
0-2: Ball
1-2: Foul Ball, location: 2F
1-2: Foul Ball, location: 2F
1-2: Ball
2-2: Foul Ball, location: 2F
2-2: Foul Ball, location: 2F
2-2: Foul Ball, location: 2F
2-2: Foul Ball, location: 2F
2-2: Strikes out swinging
Batting: RHB Dusty Ballard 0-0: Ball
1-0: Ball
2-0: Called Strike
2-1: Ball
3-1: Foul Ball, location: 2F
3-2: Base on Balls
Mike Buchanan scores
Jon Buscher to third
Jim Miske to second
Batting: LHB Alexis Cantu 0-0: Ball
1-0: Foul Ball, location: 2F
1-1: Foul Ball, location: 2F
1-2: Ball
2-2: Ball
3-2: Foul Ball, location: 2F
3-2: Ground out 5-3 (Groundball, 5, EV 105.0 MPH)
Bottom of the 7th over - 1 run, 2 hits, 0 errors, 3 left on base; Gwinnett 2 - Syracuse 2
TOP OF THE 8TH
Gwinnett Braves batting - Pitching for Syracuse Chiefs : LHP Mike Alcaraz
Pitching: LHP Jose Torres
Now at 1B: Jim Miske
Now in LF: Mike Buchanan
Batting: RHB Ivan Ramirez 0-0: Swinging Strike
0-1: Ball
1-1: Called Strike
1-2: Ground out 5-3 (Groundball, 56S, EV 86.9 MPH)
Batting: SHB Bob Morales 0-0: Ball
1-0: SINGLE (Groundball, 6MD, EV 95.6 MPH)
Batting: RHB Mike Meeker 0-0: Ball
1-0: Foul Ball, location: 2F
1-1: Called Strike
Pickoff Throw to First - Out! 1-3
1-2: Foul Ball, location: 2F
1-2: Strikes out swinging
Top of the 8th over - 0 runs, 1 hit, 0 errors, 0 left on base; Gwinnett 2 - Syracuse 2
BOTTOM OF THE 8TH
Syracuse Chiefs batting - Pitching for Gwinnett Braves : LHP Justin Sullins
Pitching: RHP Larry Stegall
Batting: RHB Gabe Almazan 0-0: Ball
1-0: Ball
2-0: SOLO HOME RUN (Flyball, 7LD, EV 94.4 MPH), Distance : 342 ft
Batting: RHB Rafael Medina 0-0: Ball
1-0: Foul Ball, location: 2F
1-1: Ball
2-1: Swinging Strike
2-2: Foul Ball, location: 2F
2-2: Foul Ball, location: 2F
2-2: Strikes out swinging
Batting: LHB Dillon Gonzalez 0-0: Called Strike
0-1: Foul Ball, location: 2F
0-2: Strikes out looking
Batting: RHB Mike Buchanan 0-0: SINGLE (Groundball, 56D, EV 108.1 MPH) (infield hit)
Batting: RHB Jon Buscher 0-0: Called Strike
0-1: Foul Ball, location: 2F
0-2: Ball
1-2: TRIPLE (Flyball, 89XD, EV 115.0 MPH)
Mike Buchanan scores
Batting: RHB Jim Miske 0-0: Foul Ball, location: 2F
0-1: Called Strike
0-2: Ball
1-2: Ball
2-2: Strikes out looking
Bottom of the 8th over - 2 runs, 3 hits, 0 errors, 1 left on base; Gwinnett 2 - Syracuse 4
TOP OF THE 9TH
Gwinnett Braves batting - Pitching for Syracuse Chiefs : LHP Jose Torres
Pitching: LHP Kerry Baty
Batting: RHB John Peterson 0-0: Ball
1-0: SINGLE (Line Drive, 4D, EV 97.5 MPH)
Batting: RHB Riley Nasiir 0-0: Called Strike
0-1: Ball
1-1: Ball
2-1: Grounds into double play, 6-4-3 (Groundball, 6, EV 86.2 MPH)
Pinch Hitting: LHB Mark Buchholz 0-0: Called Strike
0-1: Ball
1-1: Ground out 4-3 (Groundball, 4D, EV 103.1 MPH)
Top of the 9th over - 0 runs, 1 hit, 0 errors, 0 left on base; Gwinnett 2 - Syracuse 4
Tuesday, March 28th , 2023 - OOTP Baseball 23.10 Build 110